 Dungeon Crawl Stone Soup version 0.30.0-29-ga12c61a403 (webtiles) character file.

Game seed: 8790652488803657072

281 McKennaii the Conjurer (level 5, -2/38 HPs)
             Began as a Demigod Conjurer on June 5, 2023.
             Slain by Edmund
             ... wielding a +2 flail of protection
              (7 damage)
             ... on level 6 of the Dungeon.
             The game lasted 00:04:48 (4120 turns).

McKennaii the Conjurer (Demigod Conjurer)           Turns: 4120, Time: 00:04:48

Health: -2/38      AC:  4    Str:  8    XL:     5   Next: 77%
Magic:  5/12       EV: 12    Int: 24    God:
Gold:   91         SH:  0    Dex: 12    Spells: 3/10 levels left

rFire   + . .        r - staff of fire
rCold   . . .        (no shield)
rNeg    . . .        a - +0 robe
rPois   .            (no helmet)
rElec   .            (no cloak)
rCorr   .            k - +1 pair of gloves
SInv    .            (no boots)
Will    .....        q - amulet of regeneration
Stlth   ++           h - ring of wizardry
HPRegen 1.06/turn    d - ring of wizardry
MPRegen 0.13/turn

%: wizardry (x2)
@: mighty, about to teleport, attractive
A: high MP 1, forlorn, divine attributes
a: no special abilities


You were on level 6 of the Dungeon.
You visited 1 branch of the dungeon, and saw 6 of its levels.

You collected 226 gold pieces.
You spent 135 gold pieces at shops.

Inventory:

Armour
 a - a +0 robe (worn)
 k - a +1 pair of gloves (worn)
Magical Staves
 r - a staff of fire (weapon)
Jewellery
 d - a ring of wizardry (right hand)
 h - a ring of wizardry (left hand)
 q - an amulet of regeneration (around neck)
Wands
 t - a wand of quicksilver (7)
Scrolls
 e - 3 scrolls of teleportation
 i - a scroll of poison {unknown}
 j - a scroll of silence {unknown}
 l - a scroll of amnesia {unknown}
 m - a scroll of vulnerability {unknown}
 n - a scroll of fear {unknown}
 s - a scroll of noise {unknown}
 u - a scroll of identify {unknown}
 v - 3 scrolls of magic mapping {unknown}
 w - 3 scrolls of blinking
Potions
 b - a potion of magic
 c - a potion of attraction
 f - a potion of curing {unknown}
 g - a potion of might
 o - a potion of lignification {unknown}
 p - a potion of flight {unknown}


   Skills:
 + Level 3.2 Dodging
 + Level 3.4 Stealth
 + Level 3.1 Spellcasting
 + Level 4.5 Conjurations


You had 3 spell levels left.
You knew the following spells:

 Your Spells              Type           Power      Damage    Failure   Level
a - Magic Dart            Conj           100%       1d8       1%          1
b - Searing Ray           Conj           50%        2d6       1%          2
c - Iskenderun's Mystic   Conj/Tloc      14%        2d5       11%         4

Your spell library contained the following spells:

 Spells                   Type           Power      Damage    Failure   Level
 Dazzling Flash           Conj/Hex       28%        N/A       3%          3
 Fulminant Prism          Conj/Hex       7%         3d7       11%         4


Dungeon Overview and Level Annotations

Branches:
Dungeon (7/15)
 Temple: D:4-7

Shops:
D:3 ?   D:4 *

Annotations:
D:2 1 runed translucent door, Crazy Yiuf
D:6 Edmund


Innate Abilities, Weirdness & Mutations

You have an increased reservoir of magic. (+10% MP)
You shall have no god before yourself.
Your divine heritage dramatically boosts your attributes as you level up.


Message History

The gnoll hits you from afar with a +0 spear.
The centaur unwields a +0 shortbow.
The centaur hits you but does no damage.
The centaur misses you. The gnoll closely misses you.
The gnoll hits you from afar with a +0 spear.
* * * LOW HITPOINT WARNING * * *
The centaur barely misses you. x2
There is an escape hatch in the ceiling, spattered with blood here.
The wyvern hisses angrily.
The gnoll misses you. The centaur completely misses you.
The centaur kicks you but does no damage.
The gnoll closely misses you. A mysterious force pulls you upwards.
The hatch slams shut behind you.
The orc priest shouts!
The orc wizard shouts!
The orc priest shouts!
Found a stone staircase leading down.
Okay, then.
As you read the scroll of teleportation, it crumbles to dust.
You feel strangely unstable. The centaur hits you.
* * * LOW HITPOINT WARNING * * *
The centaur misses you. The gnoll closely misses you.
The centaur completely misses you. The centaur barely misses you.
Unknown command.
Unknown command.
It was a potion of attraction.
You feel attractive to monsters. The gnoll hits you with a +0 spear.
* * * LOW HITPOINT WARNING * * *
The centaur hits you but does no damage.
The centaur kicks you but does no damage.
The orc priest is attracted toward you. The orc wizard is attracted toward you.
It was a potion of might.
You feel very mighty all of a sudden. The centaur hits you.
* * * LOW HITPOINT WARNING * * *
The centaur kicks you but does no damage.
The gnoll misses you. The centaur hits you.
* * * LOW HITPOINT WARNING * * *
The centaur closely misses you.
Edmund hits you with a +2 flail of protection!
You die...

#.........#
#....>....##
#..........
#..§......#
#.........#
#..§oo....#
#...ogc...#
#....@@...#
###########


You could see Edmund, a centaur, 2 orc priests, an orc wizard and a gnoll
(swift).

Vanquished Creatures
  A howler monkey (D:7)
  A gnoll bouda (D:7)
  Jessica (D:2)
  2 orc wizards (D:3)
  3 adders
  An ufetubus (D:7)
  3 worms
  5 dart slugs
  4 orcs
  8 ball pythons
  6 bats
  4 endoplasms (D:1)
  2 giant cockroaches
  6 hobgoblins
  8 jackals
  7 kobolds
  2 quokkas
  3 frilled lizards
  6 goblins
  6 rats
79 creatures vanquished.

Vanquished Creatures (collateral kills)
  4 orcs (D:4)
4 creatures vanquished.

Grand Total: 83 creatures vanquished

Notes
Turn   | Place    | Note
-------+----------+-------------------------------------------
     0 | D:1      | McKennaii the Demigod Conjurer began the quest for the Orb.
     0 | D:1      | Reached XP level 1. HP: 14/14 MP: 5/5
   318 | D:1      | Reached XP level 2. HP: 20/20 MP: 0/7
  1020 | D:2      | Reached XP level 3. HP: 26/26 MP: 3/8
  1023 | D:2      | Learned a level 2 spell: Searing Ray
  1426 | D:2      | Noticed Jessica
  1429 | D:2      | Killed Jessica
  1430 | D:2      | Reached skill level 4 in Conjurations
  1572 | D:2      | Found a runed translucent door.
  1573 | D:2      | Noticed Crazy Yiuf
  1688 | D:2      | Reached XP level 4. HP: 22/33 MP: 4/10
  1791 | D:2      | Learned a level 4 spell: Iskenderun's Mystic Blast
  2656 | D:3      | Reached XP level 5. HP: 28/38 MP: 6/12
  2931 | D:3      | Found Axicw's Magic Scroll Shoppe.
  3674 | D:3      | Bought a scroll of blinking for 75 gold pieces
  3674 | D:3      | Bought 2 scrolls of teleportation for 60 gold pieces
  3804 | D:4      | Found Dareofir's Gadget Gallery.
  4022 | D:4      | You fall into a shaft and drop 3 floors!
  4106 | D:7      | Noticed a centaur
  4112 | D:7      | Noticed a wyvern
  4117 | D:6      | Noticed Edmund
  4120 | D:6      | Slain by Edmund

Illustrated notes

Levels and vault maps discovered:
D:1:      ncdulo_watergridlock, layout_basic
D:2:      layout_loops_ring, basic_altar, shapermc_ecumenical_altar_ellora,
          kennysheep_generic_room_16, uniq_jessica, uniq_crazy_yiuf_cottage
D:3:      layout_basic, lemuel_crystal_altar, kennysheep_slug_shrine,
          serial_shops, shop, hangedman_glass_teeth, serial_bayou_crossing
D:4:      layout_loops_corners, nicolae_ossuary_entry_false_entrances,
          serial_glass, glass_columns_c, glass_columns_a, nicolae_shop_gadgets
D:6:      layout_rooms, dk_rats_in_the_wall, uniq_edmund, uniq_blork_the_orc
D:7:      layout_rooms, nicolae_stop_n_shop_1

Skill      XL: |  1  2  3  4  5 |
---------------+----------------+-----
Dodging        | 2 3 |  3.2
Stealth        | 2 3 |  3.4
Spellcasting   | 2 3 |  3.1
Conjurations   | 4 |  4.5

Action                     |  1- 3 |  4- 6 || total
---------------------------+-------+-------++-------
  Melee: Unarmed           |    16 |     3 ||    19
         Staff             |       |     1 ||     1
   Cast: Magic Dart        |    78 |    98 ||   176
         Searing Ray       |       |     5 ||     5
    Use: Scroll            |       |     2 ||     2
         Potion            |       |     2 ||     2
 Armour: Robe              |     6 |    19 ||    25
  Dodge: Dodged            |    21 |    37 ||    58
